[Event "*** Titled Tuesday Blitz"]
[Site "Chess.com"]
[Date "2020.10.20"]
[Round "1"]
[White "SCIM"]
[Black "C_K_G"]
[Result "0-1"]
[WhiteElo "2480"]
[BlackElo "2090"]
[TimeControl "180+1"]
[EndTime "10:08:00 PDT"]
[Termination "C_K_G won by resignation"]

1. d4 d5 2. c4 c6 3. Nf3 Nf6 4.
e3 e6 5. b3 Nbd7 6. Bd3 Bd6 7. Bb2 O-O 8. O-O b6 9. Nc3 Bb7 10. Qe2 e5 11. dxe5 Nxe5 12. Nxe5 Bxe5 13. cxd5 cxd5 14. Nb5 Bxb2 15. Qxb2 Ne4 16. Rfd1 Nc5 17. Nd4 Nxd3 18. Rxd3 Qf6 19. Rad1 Rfc8 20. h3 h6 21. R3d2 Rc5 22. Nf3 Qxb2 23. Rxb2 Rac8 24. Nd4 Rc1 25. Rd2 g6 26. g4 Kg7 27. Kg2 a5 28. Kg3 Kf6 29. Rxc1 Rxc1 30. Rc2 Rxc2 31. Nxc2 Ke5 32. f3 f5 33. Nd4 f4+ 34. Kf2 fxe3+ 35. Kxe3 g5 36. Nf5 Ba6 37. Nxh6 d4+ 38. Kf2 Kf4 39. Nf5 d3 40. Ne3 d2 41. Nd5+ Ke5 42. Nc3 Kd4 43. Nd1 Kd3 44. f4 gxf4 45. g5 Kc2 46. g6 Kxd1 47.
g7 Kc2 48. g8=Q d1=Q 49. Qg6+ Kb2 50. Qf6+ Kxa2 51. Qxf4 Qf1+ 0-1

[Event "*** Titled Tuesday Blitz"]
[Site "Chess.com"]
[Date "2020.10.20"]
[Round "1"]
[White "Rakesh"]
[Black "Sn00pPawn"]
[Result "1/2-1/2"]
[WhiteElo "2458"]
[BlackElo "1996"]
[TimeControl "180+1"]
[EndTime "10:08:01 PDT"]
[Termination "Game drawn by repetition"]

1. e4 c5 2. c3 d5 3. exd5 Qxd5 4. d4 Nf6 5. Nf3 e6 6. Be3 cxd4 7. cxd4 Nc6 8. Nc3 Qd8 9. Bd3 Be7 10. a3 O-O 11. O-O b6 12. Qe2 Bb7 13. Rad1 Nd5 14.
Bb1 Rc8 15. Ne4 h6 16. Qd3 f5 17. Nc3 Rf6 18. Rfe1 g5 19. Ne5 Nxc3 20. bxc3 Nxe5 21. dxe5 Qxd3 22. Rxd3 Rf7 23. Rd7 Bxa3 24. Red1 Bc6 25.
Rd8+ Rxd8 26. Rxd8+ Rf8 27. Rd1 Kf7 28. h4 f4 29. Bd4 gxh4 30. f3 h3 31. gxh3 Rg8+ 32. Kf2 Rg3 33. Be4 Bxe4 34. fxe4 Rxh3 35. Ra1 Bc5 36.
Rxa7+ Ke8 37. Rc7 Rxc3 38. Bxc5 bxc5 39. Rh7 Re3 40. Rxh6 Ke7 41. Rh7+ Kd8 42. Rh6 Kd7 43. Rh7+ Kc8 44. Re7 Rxe4 45. Rxe6 c4 46. Kf3 Rd4 47.
Rc6+ Kd7 48. Rc5 Ke6 49. Kg4 Re4 50. Kf3 Rd4 51. Kg4 Re4 52. Kf3 Rd4 1/2-1/2

[Event "*** Titled Tuesday Blitz"]
[Site "Chess.com"]
[Date "2020.10.20"]
[Round "1"]
[White "Vanina1989"]
[Black "Smile2005"]
[Result "1-0"]
[WhiteElo "2671"]
[BlackElo "2332"]
[TimeControl "180+1"]
[EndTime "10:08:02 PDT"]
[Termination "Vanina1989 won by checkmate"]

1. d4 Nf6 2. c4 g6 3. Nc3 Bg7 4. e4 O-O 5. Nf3 d6 6. Be2 e5 7. O-O exd4 8. Nxd4 Re8 9. f3 Nc6 10.
Nxc6 bxc6 11. Bg5 h6 12. Bf4 Nh5 13. Be3 f5 14. Qd2 g5 15. Rae1 c5 16. Nd5 Nf6 17. Bd3 Nxd5 18. exd5 Qf6 19. Bf2 Bd7 20. Rb1 Reb8 21. b3 a5 22. f4 g4 23. Rfe1 a4 24. b4 cxb4 25. Rxb4 Qc3 26. Qxc3 Bxc3 27.
Rxb8+ Rxb8 28. Re7 Rd8 29. c5 Bf6 30. Re2 dxc5 31.
Bxc5 Rb8 32. Bc4 Kg7 33. Rc2 Rb1+ 34. Kf2 Rh1 35. Bd3 Rxh2 36. Be3 Bd8 37. Bd4+ Kf7 38.
Be5 h5 39. Bxc7 Bh4+ 40. Ke3 Bg3 41. Be5 h4 42. Rc7 Ke8 43. Ra7 Rxg2 44. Ra8+ Kf7 45. Bc4 Bf2+ 46. Kd3 h3 47. d6+ Kg6 48. Rg8+ Kh7 49.
Bf7 h2 50. Rh8# 1-0

[Event "*** Titled Tuesday Blitz"]
[Site "Chess.com"]
[Date "2020.10.20"]
[Round "1"]
[White "OhanyanEminChess"]
[Black "JuliaEfremova"]
[Result "1-0"]
[WhiteElo "2666"]
[BlackElo "2327"]
[TimeControl "180+1"]
[EndTime "10:08:03 PDT"]
[Termination "OhanyanEminChess won by resignation"]

1. e4 d5 2. exd5 Qxd5 3. Nf3 Nf6 4. Be2 Bg4 5. h3 Bh5 6. d4 e6 7. c4 Qd8 8. O-O Be7 9. Be3 O-O 10. Nc3 c6 11. Qd2 Nbd7 12. Rad1 Qc7 13. Rfe1 Rad8 14. Qc2 Bg6 15. Bd3 Bxd3 16. Rxd3 a6 17. Red1 h6 18.
b3 e5 19. dxe5 Nxe5 20. Nxe5 Qxe5 21. Rxd8 Rxd8 22. Rxd8+ Bxd8 23. g3 Ba5 24. Ne2 Ne4 25.
Bf4 Qf5 26. Nd4 Qg6 27. Kg2 Bc3 28. Nf3 Bf6 29. Nd2 Nxd2 30. Qxg6 fxg6 31. Bxd2 Kf7 32. Kf3 Ke6 33. Ke4 Bb2 34. f4 b5 35. g4 bxc4 36.
bxc4 Bf6 37. Bb4 Bb2 38. Be1 Kd6 39. Bf2 Ke6 40. Bh4 Bc3 41. Bg3 Bb2 42. f5+ gxf5+ 43.
gxf5+ Kd7 44. Kf3 Ke7 45. Bh4+ Kd6 46. Ke4 Kc5 47. Kd3 Bd4 48. Be7+ Kb6 49. Kxd4 c5+ 50. Bxc5+ Kc6 51. Bf8 a5 52. Bxg7 a4 53. Bxh6 Kd7 54. Bc1 Ke7 55. Ba3+ Kf7 56. Ke4 Kf6 57. Bb4 Kg5 58.
a3 Kh4 59. Ke5 Kg3 60. f6 Kxh3 61. f7 Kg2 62. f8=Q Kg3 63. c5 Kg4 64. c6 1-0

[Event "*** Titled Tuesday Blitz"]
[Site "Chess.com"]
[Date "2020.10.20"]
[Round "1"]
[White "Chesstrainer1"]
[Black "Gabrielian_Artur"]
[Result "0-1"]
[WhiteElo "2391"]
[BlackElo "2790"]
[TimeControl "180+1"]
[EndTime "10:08:04 PDT"]
[Termination "Gabrielian_Artur won on time"]

1. Nf3 Nf6 2. c4 g6 3. Nc3 Bg7 4. e4 e5 5. d4 exd4 6. Nxd4 O-O 7. Be2 Re8 8. f3 c6 9. Bg5 Qb6 10. Nb3 Na6 11. Qd2 d5 12. Be3 Qd8 13. cxd5 cxd5 14. Rd1 Be6 15. e5 Nd7 16. f4 Nb6 17. Nd4 Rc8 18.
Ncb5 Bf8 19. a3 Nc5 20. Nxa7 Ne4 21. Qa5 Ra8 22. O-O Bd7 23. Ndb5 Re6 24. Qe1 Qb8 25. f5 gxf5 26. Rxf5 Rg6 27. Bh5 Bxf5 28. Bxg6 hxg6 29. Bxb6 Qxe5 30. Bd4 Qf4 31. Qe3 Qxe3+ 32. Bxe3 Be6 33.
Nc7 Rd8 34. Nxe6 fxe6 35. Bd4 Nd6 36. a4 Nc4 37. b3 Na5 38. Rd3 Ra8 39. Nb5 Nc6 40.
Bc3 e5 41. Bd2 d4 42. Rg3 Kf7 43. Rg4 Bg7 44. Nc7 Rd8 45. Nb5 Bf6 46. h4 Ne7 47.
Bg5 Nf5 48. Bxf6 Kxf6 49. Kf2 d3 50. Ke1 d2+ 0-1

[Event "*** Titled Tuesday Blitz"]
[Site "Chess.com"]
[Date "2020.10.20"]
[Round "1"]
[White "googlegoom"]
[Black "NikolaGry"]
[Result "1/2-1/2"]
[WhiteElo "2359"]
[BlackElo "2696"]
[TimeControl "180+1"]
[EndTime "10:08:04 PDT"]
[Termination "Game drawn by repetition"]

1. Nf3 c5 2. b3 b6 3. Bb2 Bb7 4. e3 e6 5. Be2 Nf6 6. O-O Be7 7. d4 O-O 8. Nbd2 cxd4 9. Nxd4 d5 10. c4 Nbd7 11. Rc1 Rc8 12. Rc2 Nc5 13. Qa1 Re8 14. Rd1 Qc7 15. b4 Bd6 16. bxc5 Bxh2+ 17. Kh1 bxc5 18.
Nb5 Qb8 19. Bxf6 gxf6 20. Qxf6 Be5 21. Qg5+ Bg7 22. Rdc1 d4 23. Bf3 d3 24. Bxb7 dxc2 25. Bxc8 Rxc8 26. Rxc2 a6 27. Nc3 Rd8 28. Nce4 h6 29.
Qg3 Qb4 30. Qc7 Rd3 31. Qc8+ Kh7 32. Qxc5 Qa4 33. Nb3 f5 34. Nc3 Qd7 35. g3 Qb7+ 36. Kg1 Qf3 37. Qe7 h5 38. Rc1 h4 39. Nd4 Rxd4 40. exd4 h3 41. Qh4+ Kg6 42. Qxh3 Bxd4 43. Qg2 Qd3 44. Qf1 Qd2 45. Ne2 Be5 46. Nf4+ Bxf4 47. gxf4 Qxa2 48. Qg2+ Kf7 49. Re1 Qd2 50.
Qf1 Qxf4 51. Rd1 Qg4+ 52. Kh2 Qh5+ 53. Kg1 Qg4+ 54. Kh1 Qh5+ 55. Kg2 Qg4+ 56. Kh2 Qh5+ 57. Kg3 Qg4+ 58. Kh2 1/2-1/2

[Event "*** Titled Tuesday Blitz"]
[Site "Chess.com"]
[Date "2020.10.20"]
[Round "1"]
[White "Bigfish1995"]
[Black "JoliyRoger"]
[Result "1-0"]
[WhiteElo "3050"]
[BlackElo "2453"]
[TimeControl "180+1"]
[EndTime "10:08:05 PDT"]
[Termination "Bigfish1995 won on time"]

1. c4 c5 2. b3 Nf6 3. Bb2 e6 4. g3 Be7 5. Bg2 O-O 6. Nf3 Nc6 7. O-O a6 8. d4 cxd4 9. Nxd4 Qc7 10. Nc3 Ne5 11. Rc1 d6 12. h3 Rb8 13. Kh1 Re8 14.
f4 Ng6 15. e4 Bf8 16. Qd2 b6 17. Rce1 Bb7 18. Kh2 Ba8 19. a4 Nd7 20. Qc2 Rbc8 21.
Bf3 h6 22. h4 e5 23. fxe5 Ngxe5 24. Bg2 Nc5 25. Ba1 Ne6 26. Nf5 Qc5 27. Qd1 Bc6 28. Nd5 b5 29. cxb5 axb5 30. b4 Qc4 31.
Nfe3 Qa2 32. Nc3 Qa3 33. axb5 Bb7 34. Qd2 Qxb4 35. Rb1 Qa5 36. Rfc1 Qa8 37. Ncd5 Bxd5 38. Nxd5 Qb7 39. Qe2 Nc5 40. Rf1 Ncd3 41. Bd4 Nc5 42. Bh3 Ne6 43. Bxe5 dxe5 44. Qh5 Rc2+ 45. Kh1 Bc5 46.
Qxe5 Bd4 47. Qh5 Qb8 48. Qxf7+ Kh8 49. Bxe6 1-0

[Event "*** Titled Tuesday Blitz"]
[Site "Chess.com"]
[Date "2020.10.20"]
[Round "1"]
[White "esrosenberg"]
[Black "vaishali2001"]
[Result "1/2-1/2"]
[WhiteElo "2282"]
[BlackElo "2593"]
[TimeControl "180+1"]
[EndTime "10:08:05 PDT"]
[Termination "Game drawn by stalemate"]

1. Nf3 Nf6 2. c4 e6 3. Nc3 d5 4. d4 a6 5. cxd5 exd5 6. Bf4 Bd6 7. Bxd6 Qxd6 8. e3 O-O 9. Qc2 b6 10. a3 Bb7 11. b4 c5 12. bxc5 bxc5 13. Rb1 Bc6 14.
Ne5 Nbd7 15. Nxc6 Qxc6 16. Na4 Qc7 17. Nxc5 Qa5+ 18. Qd2 Qxd2+ 19. Kxd2 Nxc5 20. dxc5 Ne4+ 21. Ke1 Rab8 22. Rc1 Rfc8 23. Bxa6 Rxc5 24. Rxc5 Nxc5 25. Be2 Rb2 26. f3 Ra2 27. Rf1 Rxa3 28. Kf2 Ra2 29. Rd1 g6 30. Rxd5 Ne6 31. f4 Ra3 32. g4 Kg7 33. f5 Ng5 34. Bf3 Nxf3 35. Kxf3 Ra2 36. h4 gxf5 37. Rxf5 Ra1 38. h5 Rf1+ 39. Ke4 Rg1 40. Kf4 h6 41. e4 Rf1+ 42. Ke5 Ra1 43. g5 Ra5+ 44. Kf4 Ra7 45. Kg4 Rb7 46. e5 Rb4+ 47. Rf4 Rb5 48. gxh6+ Kxh6 49. Rxf7 Rxe5 50. Rf6+ Kh7 51. Rf5 Rxf5 52. Kxf5 Kh6 53. Kg4 Kh7 54. Kg5 Kh8 55. Kg6 Kg8 56. h6 Kh8 57. h7 1/2-1/2

[Event "*** Titled Tuesday Blitz"]
[Site "Chess.com"]
[Date "2020.10.20"]
[Round "1"]
[White "valeriocarnicelli"]
[Black "FMalexhdez"]
[Result "1-0"]
[WhiteElo "2596"]
[BlackElo "2269"]
[TimeControl "180+1"]
[EndTime "10:08:05 PDT"]
[Termination "valeriocarnicelli won by resignation"]

1. e4 c5 2. Nf3 d6 3. d4 cxd4 4. Nxd4 Nf6 5. Nc3 a6 6. f3 e5 7. Nb3 Be6 8. Be3 Nbd7 9. Qd2 Rc8 10. O-O-O Nb6 11. Qf2 Nfd7 12. Nd5 Nxd5 13. exd5 Bf5 14.
Bd3 Bxd3 15. Rxd3 Be7 16. h4 f5 17. g4 O-O 18. gxf5 Rxf5 19. Rdd1 Qf8 20. Rh3 Qf7 21. Rg1 Rf8 22. Rhg3 g6 23. Bh6 Rxf3 24. Rxf3 Qxf3 25. Qxf3 Rxf3 26. h5 Kf7 27. Nd2 Rf5 28. hxg6+ hxg6 29. Ne4 Nc5 30. Nxc5 dxc5 31. Be3 b5 32. Rh1 Kg7 33. b3 c4 34. bxc4 bxc4 35. Kb2 e4 36. Bd4+ Bf6 37. Bxf6+ Kxf6 38. Rd1 e3 39. Kc3 e2 40. Re1 Rxd5 41. Rxe2 Rc5 42. Kd4 Rc8 43. Kd5 Kf5 44. Rf2+ Kg4 45. Rf6 g5 46. Rxa6 Kf3 47. Rf6+ Kg3 48.
a4 c3 49. a5 g4 50. a6 Kh2 51.
Rh6+ Kg2 52. a7 g3 53. Ra6 Ra8 54. Kc6 Kf2 55. Kb7 g2 56. Rf6+ Ke2 57. Rg6 Rxa7+ 58. Kxa7 Kf1 59. Kb6 g1=Q+ 60. Rxg1+ Kxg1 61. Kc5 Kf2 62. Kd4 Kf3 63. Kxc3 Ke4 64. Kc4 Ke5 65. Kc5 Ke6 66. Kc6 1-0

[Event "*** Titled Tuesday Blitz"]
[Site "Chess.com"]
[Date "2020.10.20"]
[Round "1"]
[White "AntonovaNadezhda"]
[Black "Gogolev_Artemy"]
[Result "0-1"]
[WhiteElo "2077"]
[BlackElo "2498"]
[TimeControl "180+1"]
[EndTime "10:08:06 PDT"]
[Termination "Gogolev_Artemy won by checkmate"]

1. d4 Nf6 2. Nf3 e6 3. Nbd2 b6 4. e4 d6 5. Bd3 Bb7 6. O-O Be7 7. Re1 O-O 8. a4 a6 9. c3 Nbd7 10. Qe2 c5 11. Nf1 cxd4 12. cxd4 h6 13. h3 Re8 14. b4 d5 15. e5 Ne4 16. Bb2 Bxb4 17.
Rec1 a5 18. Bb5 Re7 19. N1d2 Nxd2 20. Nxd2 Nb8 21. Bc3 Na6 22. Nf3 Rc7 23. Qd3 Bxc3 24. Rxc3 Nb4 25. Qd2 Rxc3 26. Qxc3 Rc8 27. Qd2 Bc6 28. Bd3 Be8 29. g3 Qc7 30. Be2 Qc2 31. Qe1 Qc3 32. Qf1 Qb2 33. Rb1 Qa3 34. Ra1 Qb2 35. Rb1 Qc3 36. Ra1 Qc2 37. Kg2 Bxa4 38. Bd1 Qb2 39. Bxa4 Rc3 40. Re1 Nd3 41. Re3 Qa3 42.
Rxd3 Rxd3 43. Bb5 Rc3 44. h4 Qb2 45. g4 Qa3 46. g5 Rxf3 47. gxh6 Rf4 48. hxg7 Qf3+ 49.
Kg1 Rg4+ 50. Kh2 Rxh4+ 51. Kg1 Rh1# 0-1

[Event "*** Titled Tuesday Blitz"]
[Site "Chess.com"]
[Date "2020.10.20"]
[Round "1"]
[White "Borsuk_Konstantin"]
[Black "ViktoriyaTarasova"]
[Result "1-0"]
[WhiteElo "2565"]
[BlackElo "2241"]
[TimeControl "180+1"]
[EndTime "10:08:08 PDT"]
[Termination "Borsuk_Konstantin won by resignation"]

1. d4 Nf6 2. c4 e6 3. Nf3 b6 4. g3 Ba6 5. Qa4 c5 6. Bg2 Bb7 7. dxc5 bxc5 8. O-O Be7 9. Rd1 O-O 10. Nc3 Qb6 11.
Qc2 d6 12. a3 Nc6 13. e3 Rfd8 14. Bd2 Rac8 15. Be1 Ne5 16. Nxe5 dxe5 17. Na4 Qc7 18. f3 Rxd1 19. Rxd1 Rd8 20. Rxd8+ Qxd8 21. e4 h6 22. Bf2 Nd7 23. Bf1 Qc7 24. Nc3 a6 25. Qa4 Qc6 26. Qd1 Kh7 27. Qb1 Qd6 28. Qd3 Qxd3 29.
Bxd3 Kg8 30. Na2 Nb8 31. b4 Nd7 32. Kf1 Kf8 33. Ke2 Ke8 34. Kd2 Kd8 35. Kc3 Kc7 36.
Nc1 cxb4+ 37. axb4 Nb8 38. Nb3 Nc6 39. c5 Bg5 40.
Na1 h5 41. Nc2 g6 42. Na3 Be7 43. b5 axb5 44. Nxb5+ Kd7 45. Na3 Kc7 46. Bb5 Bg5 47. Nc4 Bf6 48. Nd6 Nd8 49. Be8 Ba6 50. Nxf7 Nxf7 51. Bxf7 Be2 52. Bxg6 Bxf3 53. Kd3 Bg5 54. Bf7 Bg4 55. Be8 Kd8 56. Ba4 Kc7 57. Be1 Be7 58.
Ba5+ Kc8 59. c6 Bc5 60. Bb5 Bg1 61. Ba6+ Kb8 62. c7+ 1-0

[Event "*** Titled Tuesday Blitz"]
[Site "Chess.com"]
[Date "2020.10.20"]
[Round "1"]
[White "OsorioFernando"]
[Black "Meri-Arabidze"]
[Result "0-1"]
[WhiteElo "2319"]
[BlackElo "2651"]
[TimeControl "180+1"]
[EndTime "10:08:10 PDT"]
[Termination "Meri-Arabidze won on time"]

1. e4 c5 2. Nc3 e6 3. g3 Nc6 4.
Bg2 Nf6 5. Nge2 d5 6. exd5 exd5 7. d4 cxd4 8. Nxd4 Bc5 9. Qe2+ Qe7 10. Qxe7+ Nxe7 11. Nb3 Bb6 12. Bg5 Be6 13. O-O O-O-O 14. Na4 Bc7 15. Nac5 Nc6 16. Rfe1 Rhe8 17. Nxe6 fxe6 18.
Bh3 Ne5 19. Kg2 h6 20. Bd2 Ne4 21. Rad1 g5 22. f4 gxf4 23. Bxf4 Nc6 24. Bxc7 Kxc7 25. Nd2 Nxd2 26. Rxd2 e5 27. c3 e4 28. Red1 e3 29. Re2 d4 30. cxd4 Nxd4 31. Rc1+ Kb6 32.
Ree1 e2 33. Bg4 Re3 34. Rc3 Re5 35. Rd3 Nc2 36. Rxe2 Rxd3 37. Rxe5 Ne3+ 38. Kh3 Nc4 39. Re6+ Kc5 40. Rxh6 Nxb2 41. Rh5+ Kb4 42. Bf5 Ra3 43. Be6 Nc4 44. Rh4 b5 45. Rh7 Rxa2 46. g4 a5 47.
g5 Ra3+ 48. Kh4 Ne5 49. Re7 Ng6+ 50. Kg4 Nxe7 0-1

[Event "*** Titled Tuesday Blitz"]
[Site "Chess.com"]
[Date "2020.10.20"]
[Round "1"]
[White "W_Amadeus"]
[Black "Lysiak_Poltorak"]
[Result "1-0"]
[WhiteElo "2715"]
[BlackElo "2352"]
[TimeControl "180+1"]
[EndTime "10:08:11 PDT"]
[Termination "W_Amadeus won by checkmate"]

1. e4 c6 2. d4 d5 3. e5 Bf5 4. Nf3 e6 5. Be2 Nd7 6. O-O h6 7. a4 Ne7 8. a5 Qc7 9. a6 b6 10. c3 g5 11. Ne1 Bg7 12. f4 f6 13.
Nd3 O-O-O 14. b4 gxf4 15. exf6 Bxf6 16. Bxf4 e5 17. dxe5 Nxe5 18. Na3 Rdf8 19. Nc2 N7g6 20. Bg3 Qd7 21. Nd4 Bxd3 22. Bxd3 Bg5 23. Bf5 Rxf5 24. Nxf5 Nc4 25. Qh5 Nge5 26. Bxe5 Nxe5 27. Rae1 Nd3 28.
Rd1 Ne5 29. Kh1 Nc4 30. Rde1 Rf8 31. Ne7+ Bxe7 32. Rxf8+ Bxf8 33. Qe8+ Qxe8 34. Rxe8+ Kd7 35. Rxf8 c5 36. bxc5 bxc5 37. Rf7+ Kc6 38. Rxa7 d4 39.
cxd4 cxd4 40. Ra8 d3 41. a7 Kb7 42. Rd8 Kxa7 43. Rxd3 Kb6 44. Rd4 Kc5 45. Rh4 Ne3 46. Rxh6 Kd4 47. Rh4+ Kd5 48. Rh3 Nf5 49. Kg1 Nd4 50.
Kf2 Ke5 51. Re3+ Kf4 52. Rf3+ Ke4 53. h3 Ne6 54. Re3+ Kf5 55. Rxe6 Kxe6 56. Kf3 Kf6 57. g4 Kg6 58. Kg3 Kg7 59. h4 Kg8 60. Kf4 Kh8 61.
g5 Kg8 62. h5 Kh8 63. Kf5 Kg8 64. Kg6 Kh8 65. Kf7 Kh7 66. g6+ Kh8 67. g7+ Kh7 68. g8=Q+ Kh6 69. Qg6# 1-0

[Event "*** Titled Tuesday Blitz"]
[Site "Chess.com"]
[Date "2020.10.20"]
[Round "1"]
[White "mr65"]
[Black "PotapovaM"]
[Result "0-1"]
[WhiteElo "2184"]
[BlackElo "2525"]
[TimeControl "180+1"]
[EndTime "10:08:11 PDT"]
[Termination "PotapovaM won on time"]

1. e4 c5 2. Nf3 d6 3. Nc3 Nf6 4. e5 dxe5 5. Nxe5 a6 6. a4 g6 7. g3 Bg7 8. Bg2 O-O 9. O-O Qc7 10. Nc4 Nc6 11. d3 Bg4 12. Qd2 Rad8 13. h3 Be6 14.
Ne3 Nd4 15. Kh2 b5 16. axb5 axb5 17. Ne2 Rc8 18. b3 Nxe2 19. Qxe2 Ng4+ 20. hxg4 Bxa1 21.
Nd5 Bxd5 22. Bxd5 e6 23. Be4 Bg7 24. c4 bxc4 25. bxc4 Rfd8 26. Bf4 Qb6 27. Kg2 Qb2 28.
Qe3 Bd4 29. Qf3 Be5 30. Rh1 Rb8 31. Bc1 Qd4 32. Be3 Qd6 33. g5 Bg7 34. Bf4 e5 35. Be3 Rb2 36. Bd5 Qe7 37. Qg4 Rbb8 38. Qh4 h5 39.
gxh6 Qxh4 40. Rxh4 Bf6 41. Rh1 Kh7 42. Bxc5 Rb3 43.
Be4 Rb2 44. Be3 Rdb8 45. Ra1 Re2 46. Ra7 Kg8 47. Bd5 Rf8 48. Rxf7 Rxf7 49. h7+ Kf8 50. Bc5+ Kg7 51. Bxf7 Kxf7 52. Kf3 Rd2 0-1

[Event "*** Titled Tuesday Blitz"]
[Site "Chess.com"]
[Date "2020.10.20"]
[Round "1"]
[White "1stSecond"]
[Black "SanchezKelvin"]
[Result "1-0"]
[WhiteElo "2774"]
[BlackElo "2384"]
[TimeControl "180+1"]
[EndTime "10:08:12 PDT"]
[Termination "1stSecond won by resignation"]

1. Nf3 g6 2. g3 Bg7 3. Bg2 c5 4.
O-O Nc6 5. c3 e5 6. e4 Nge7 7. d3 O-O 8. Na3 d6 9. h3 h6 10. Nc4 Be6 11. Re1 Qd7 12. Kh2 f5 13. b3 b5 14. Ncd2 d5 15. Qe2 d4 16. cxd4 Nxd4 17.
Nxd4 Qxd4 18. Ba3 b4 19. Nf3 Qd6 20. Bb2 f4 21. Rac1 Rac8 22. Qc2 g5 23. Nd2 fxg3+ 24. fxg3 Rfd8 25. Nc4 Qxd3 26. Nxe5 Qxc2 27. Rxc2 Bxe5 28. Bxe5 Nc6 29. Rxc5 Nxe5 30. Rxe5 Bf7 31. Re2 Rc3 32. Ra5 Rd7 33. e5 Rdc7 34. e6 Be8 35. Be4 Kf8 36.
Bf5 Ke7 37. Kg2 R3c5 38. Rxc5 Rxc5 39. g4 Bc6+ 40. Kf2 Rc3 41. Re3 Rxe3 42. Kxe3 Bg2 43. Kf2 Bxh3 44. Kg3 Bf1 45. Kf3 Bb5 46. Ke4 Kd6 47.
Kd4 Be2 48. Ke3 Bd1 49. Kd3 Bf3 50. Kc4 Bd5+ 51. Kxb4 Bxe6 52. Bxe6 Kxe6 53. Kc5 h5 54. gxh5 g4 55. Kd4 Kf5 56. Ke3 Kg5 57. b4 Kxh5 58.
a4 g3 59. Kf3 Kh4 60. Kg2 Kg4 61. b5 Kf5 62. a5 Ke6 63. b6 axb6 64. a6 1-0

[Event "*** Titled Tuesday Blitz"]
[Site "Chess.com"]
[Date "2020.10.20"]
[Round "1"]
[White "frederiksvane"]
[Black "geordie_derraugh"]
[Result "0-1"]
[WhiteElo "2670"]
[BlackElo "2358"]
[TimeControl "180+1"]
[EndTime "10:08:13 PDT"]
[Termination "geordie_derraugh won on time"]

1. Nf3 Nf6 2. g3 g6 3. Bg2 Bg7 4. O-O O-O 5. d3 d5 6. Nbd2 c5 7. c3 Nc6 8. Qc2 Re8 9. e4 e5 10. Re1 Be6 11. Ng5 Bg4 12. h3 Bc8 13. Qb3 h6 14.
Ngf3 dxe4 15. dxe4 Qc7 16. Qc2 Be6 17. Bf1 Rad8 18.
a4 Na5 19. Kg2 c4 20. Be2 Qc8 21. Ng1 Nd7 22. Nf1 Nc5 23. Be3 Nxe4 24. Bf3 Ng5 25.
Bxg5 hxg5 26. Rad1 Rxd1 27. Rxd1 Nc6 28. Ne3 Ne7 29.
g4 f5 30. Ne2 Qc5 31. Ng3 e4 32. Be2 Qc6 33. gxf5 gxf5 34. Nh5 f4 35. Bg4 fxe3 36. fxe3 Bxg4 37. hxg4 Ng6 38. Qe2 Rf8 39. Rf1 Nh4+ 40. Kh3 Rxf1 41. Qxf1 Qe6 42. Qd1 Qf7 43. Qd8+ Kh7 44.
Qxg5 Ng6 45. Qf5 Qxf5 46. gxf5 Ne5 47. Ng3 Nd3 48. Nxe4 Nxb2 49. Nd6 Nxa4 50. Nxc4 Nxc3 51. Kg4 Nd5 52. e4 Nf6+ 53. Kf4 b5 54. Na5 Nd7 55. Nc6 a6 56. Ke3 Kg8 57. Kd3 Kf7 58. Kc2 Nc5 0-1

[Event "*** Titled Tuesday Blitz"]
[Site "Chess.com"]
[Date "2020.10.20"]
[Round "1"]
[White "PlotnikovPavel"]
[Black "nrvisakh"]
[Result "0-1"]
[WhiteElo "2361"]
[BlackElo "2723"]
[TimeControl "180+1"]
[EndTime "10:08:14 PDT"]
[Termination "nrvisakh won on time"]

1. e4 c5 2. c3 d6 3. d4 Nf6 4. Bd3 Nfd7 5. Nf3 g6 6. O-O Bg7 7. Be3 O-O 8. h3 b6 9. Re1 Ba6 10. Bxa6 Nxa6 11. Qd3 Qc8 12. Nbd2 Qb7 13. a4 Rac8 14.
d5 Nc7 15. Nc4 Qa6 16. Qe2 f5 17. Bg5 Rce8 18. e5 dxe5 19. Nfxe5 Nxe5 20. Nxe5 Qxe2 21. Rxe2 h6 22. Bd2 Kh7 23. c4 a6 24. Bc3 Rg8 25.
Rae1 b5 26. axb5 axb5 27. Nc6 bxc4 28. Nxe7 Bxc3 29. bxc3 Rg7 30. d6 Nb5 31. Nd5 Rf8 32.
Re7 Nxd6 33. Rxg7+ Kxg7 34. Re7+ Rf7 35. Re6 Nb5 36. Rc6 Rd7 37. Rxc5 Nd6 38. Rc7 Rxc7 39. Nxc7 Kf6 40. Kf1 Ke5 41. Ke2 Ne4 42. Nb5 Kd5 43. Nc7+ Kc6 44. Ne6 Nxc3+ 45. Ke3 Kb5 46. Nf4 g5 47.
Ne6 Kb4 48. Nd4 f4+ 49. Kd2 Ne4+ 50. Ke2 c3 51. f3 Nc5 52. Kd1 Kc4 53. Nf5 Kd3 54. Kc1 Nb3+ 0-1

[Event "*** Titled Tuesday Blitz"]
[Site "Chess.com"]
[Date "2020.10.20"]
[Round "1"]
[White "elohunter1999"]
[Black "Ashedu66"]
[Result "1-0"]
[WhiteElo "2527"]
[BlackElo "2184"]
[TimeControl "180+1"]
[EndTime "10:08:14 PDT"]
[Termination "elohunter1999 won on time"]

1. e4 e5 2. Nf3 Nc6 3. Bb5 Nge7 4. Nc3 g6 5. d4 exd4 6. Nd5 Bg7 7. Bg5 h6 8. Bf6 Bxf6 9. Nxf6+ Kf8 10. Qd2 Nf5 11. Nd5 Nd6 12. Bd3 Kg7 13. O-O-O a5 14.
Rhe1 Nb4 15. Nxb4 axb4 16. Qxb4 Rxa2 17. Qxd4+ Kh7 18. e5 Ne8 19. h4 Ng7 20. h5 Ne6 21. hxg6+ fxg6 22. Qg4 Rg8 23. Rh1 Qf8 24. g3 d6 25. Bc4 Ra1+ 26. Kd2 Rxd1+ 27. Kxd1 dxe5 28. Bxe6 Qd6+ 29. Kc1 Bxe6 30. Ng5+ Kg7 31. Nxe6+ Kf6 32. Rd1 Qxe6 33. Qh4+ Kg7 34. Qb4 b6 35. Qb5 Rf8 36. b3 Rf7 37. f4 Qf6 38. fxe5 Qg5+ 39. Kb2 Re7 40. Re1 Qxg3 41. Re4 Qf3 42. Qd5 Qf5 43. Qd4 Qe6 44. b4 Rd7 45. Qc3 h5 46. Rf4 c5 47.
Rf6 cxb4 48. Qg3 Qd5 49. Qxg6+ 1-0

[Event "*** Titled Tuesday Blitz"]
[Site "Chess.com"]
[Date "2020.10.20"]
[Round "1"]
[White "stolencandy13"]
[Black "Quiet_Desperation"]
[Result "1/2-1/2"]
[WhiteElo "2450"]
[BlackElo "1811"]
[TimeControl "180+1"]
[EndTime "10:08:15 PDT"]
[Termination "Game drawn by repetition"]

1. e4 e6 2. d4 d5 3. Nd2 Nf6 4.
e5 Nfd7 5. Bd3 c5 6. c3 Nc6 7. Ne2 cxd4 8. cxd4 f6 9. exf6 Nxf6 10. O-O Bd6 11.
Nf3 Qc7 12. Bg5 O-O 13. Rc1 Bd7 14. Ng3 Bf4 15. Bxf4 Qxf4 16. Bb5 Ng4 17. Qd2 Qf6 18. h3 Nh6 19. Rfe1 Rac8 20. Bxc6 Bxc6 21. Ne5 Nf7 22. Rc3 Nxe5 23. Rxe5 Bd7 24. Ree3 Rxc3 25. Rxc3 e5 26. Rf3 Qe6 27. Rxf8+ Kxf8 28. dxe5 Qxe5 29. Ne2 Bc6 30.
Qf4+ Qxf4 31. Nxf4 Ke7 32. Kf1 Kd6 33. Ke2 Ke5 34.
g3 g5 35. Nd3+ Kd4 36. Kd2 Bb5 37. Ne1 h5 38. Nc2+ Ke5 39. Ke3 Bd7 40. Nd4 a6 41. Nf3+ Kf5 42. h4 g4 43. Nd4+ Ke5 44. Ne2 Bb5 45. Nf4 Be8 46. Kd3 Bb5+ 47. Ke3 d4+ 48.
Kd2 Ke4 49. Nxh5 Kf3 50. Nf6 Kxf2 51. Nxg4+ Kxg3 52. Ne5 Kxh4 53. Nf3+ Kg3 54. Nxd4 Bc4 55. b3 Bd5 56. Kc3 Kf4 57. Kb4 Ke5 58. Kc5 Bg2 59. Nc2 Ke6 60. Kb6 Kd7 61. Nb4 Kc8 62. Nd3 Kb8 63. Nc5 Ka8 64. b4 Bh1 65. a3 Bg2 66. Kc7 Bh1 67. Na4 Bg2 68. Nb6+ Ka7 69. Nd7 Ka8 70. Nc5 Ka7 71. Kc8 Ka8 72. Kc7 1/2-1/2

[Event "*** Titled Tuesday Blitz"]
[Site "Chess.com"]
[Date "2020.10.20"]
[Round "1"]
[White "TimofeevAr"]
[Black "realmadridtv"]
[Result "1-0"]
[WhiteElo "2805"]
[BlackElo "2398"]
[TimeControl "180+1"]
[EndTime "10:08:17 PDT"]
[Termination "TimofeevAr won by resignation"]

1. e4 e5 2. Nf3 Nc6 3. Bb5 a6 4. Ba4 Nf6 5. d3 d6 6. c3 Be7 7.
O-O O-O 8. Nbd2 b5 9. Bc2 Bg4 10. h3 Bh5 11. Re1 Re8 12. Nf1 d5 13. Ng3 Bg6 14. Qe2 Qd7 15. Nh4 d4 16. Nhf5 dxc3 17. bxc3 b4 18. Nxe7+ Qxe7 19. Ba4 Qc5 20. Be3 Qd6 21.
cxb4 Red8 22. Bc5 Nd4 23. Qb2 Qe6 24. Ne2 Nf3+ 25. gxf3 Rxd3 26. Ng3 Rxf3 27. Kg2 Rxg3+ 28. fxg3 Bxe4+ 29. Kh2 Ng4+ 30. Kg1 Nf6 31. Qh2 h5 32. Rad1 Bb7 33. h4 a5 34. Bb3 Qf5 35. Qf2 Qh3 36. Qh2 Qf5 37. Rf1 Qe4 38. Rde1 Qc6 39. Rxe5 Ng4 40.
Bxf7+ Kh7 41. Rxh5+ Nh6 42. Be3 Rf8 43. Bxh6 gxh6 44. Bd5 Rxf1+ 45. Kxf1 Qc1+ 46. Kg2 Qd2+ 47. Kh3 Bc8+ 48. g4 Qd3+ 49. Qg3 Qf1+ 50. Kh2 Qe2+ 51. Bg2 Qe6 52. Rf5 Qg6 53. Rf4 Be6 54. bxa5 Qg7 55. a6 Kh8 56. a7 Qg8 57. a8=Q 1-0